 Dungeon Crawl Stone Soup version 0.19.5 (webtiles) character file.

161 Jerry the Sneak (level 5, 0/35 HPs)
             Began as a Vampire Enchanter on Apr 4, 2017.
             Slain by a hobgoblin
             ... wielding a +0 club
             ... led by Robin
              (8 damage)
             ... on level 3 of the Dungeon.
             The game lasted 00:15:09 (3252 turns).

Jerry the Sneak (Vampire Enchanter)                 Turns: 3252, Time: 00:15:10

Health: 0/35       AC:  3    Str:  7    XL:     5   Next: 18%
Magic:  1/8        EV: 12    Int: 19    God:
Gold:   100        SH:  0    Dex: 14    Spells: 3 memorised, 2 levels left

rFire  . . .     SeeInvis +     n - +1 dagger (speed)
rCold  + . .     Gourm    .     b - +1 robe
rNeg   + + .     Faith    .     (no shield)
rPois  +         Spirit   .     (no helmet)
rElec  .         Reflect  .     (no cloak)
rCorr  .         Harm     .     (no gloves)
MR     .....                    (no boots)
Stlth  ++++......               (no amulet)
                                (no ring)
                                (no ring)

@: very slightly contaminated, regenerating slowly, hasted, very quick
A: fangs 3, see invisible, unbreathing
a: Bat Form


You were on level 3 of the Dungeon.
You were near bloodless.

You visited 1 branch of the dungeon, and saw 3 of its levels.

You collected 100 gold pieces.

Inventory:

Hand Weapons
 i - a +2 dagger of protection
 n - a +1 dagger of speed (weapon)
 o - a +0 hunting sling
Missiles
 p - 35 stones (quivered)
Armour
 b - a +1 robe (worn)
Scrolls
 f - a scroll of recharging {unknown}
 g - a scroll of remove curse
 l - a scroll of teleportation {unknown}
 m - a scroll of fog {unknown}
Potions
 d - 16 potions of blood
 e - 3 potions of heal wounds {unknown}
 h - a potion of cure mutation {unknown}
 j - a potion of flight {unknown}
 k - a potion of curing {unknown}
Books
 c - a book of Maledictions

   Spells                             Type                      Level
   a - Corona                         Hexes                        1
   b - Ensorcelled Hibernation        Hexes/Ice                    2
   c - Confuse                        Hexes                        3
   d - Tukima's Dance                 Hexes                        3
   e - Dazzling Spray                 Conjuration/Hexes            3


   Skills:
 + Level 3.3 Short Blades
 - Level 2.1 Dodging
 + Level 5.6 Stealth
 + Level 2.2 Spellcasting
 + Level 5.4 Hexes
 + Level 1.9 Ice Magic


You had 2 spell levels left.
You knew the following spells:

 Your Spells              Type           Power        Failure   Level  Hunger
a - Corona                Hex            ###....      1%          1    #......
b - Ensorcelled Hibernat  Hex/Ice        ###...       8%          2    ##.....
c - Confuse               Hex            ###.....     6%          3    ###....


Dungeon Overview and Level Annotations

Branches:
Dungeon (3/15)

Altars:
Kikubaaqudgha


Innate Abilities, Weirdness & Mutations

You heal slowly.
You have razor-sharp teeth.
You have supernaturally acute eyesight. (SInv)
You can survive without breathing.


Message History

You kill the goblin!
Things that are here:
a dagger x2
Robin says, "My goblins will feast on your bones."
Robin hits you with a whip!
* * * LOW HITPOINT WARNING * * *
Things that are here:
a dagger x2
You hit Robin.
Robin is heavily wounded.
You hit Robin. You bite Robin.
You draw Robin's blood!
You feel better.
You feel slightly less thirsty.
Robin is severely wounded.
Robin hits you with a whip.
* * * LOW HITPOINT WARNING * * *
You hit Robin.
You kill Robin!
You hit the hobgoblin but do no damage. You hit the hobgoblin but do no damage.
The hobgoblin hits you with a club!
You die...

..............# #.# #g#
...##########.####.# #g#
...# #............# #g#
...# #..###..###### #g#
...####..# #..# #.#
.........# #..# #g#
.<.......# #..# #)#
#..#########.)#########.#
#.............).@gg.....#
##............###########
##############


You could see a hobgoblin and a goblin.

Vanquished Creatures
  An orc wizard (D:3)
  Robin (D:3)
  5 adders
  An ooze (D:3)
  A dart slug (D:1)
  2 leopard geckos (D:1)
  3 orcs (D:3)
  9 bats
  2 giant cockroaches
  12 goblins
  9 hobgoblins
  2 jackals (D:3)
  7 kobolds
  A quokka (D:2)
  4 frilled lizards
  5 rats
65 creatures vanquished.

Vanquished Creatures (others)
  A human (D:2)
1 creature vanquished.

Grand Total: 66 creatures vanquished

Notes
Turn   | Place    | Note
-------+----------+-------------------------------------------
     0 | D:1      | Jerry the Vampire Enchanter began the quest for the Orb.
     0 | D:1      | Reached XP level 1. HP: 13/13 MP: 3/3
    42 | D:1      | You fall through a shaft!
   179 | D:2      | Reached XP level 2. HP: 19/19 MP: 5/5
   183 | D:2      | Learned a level 2 spell: Ensorcelled Hibernation
   189 | D:2      | You fall through a shaft!
   393 | D:1      | Reached skill level 5 in Stealth
   767 | D:1      | Reached XP level 3. HP: 24/24 MP: 6/6
   803 | D:1      | Learned a level 3 spell: Confuse
  1374 | D:1      | Reached skill level 5 in Hexes
  1413 | D:1      | Reached skill level 1 in Ice Magic
  2034 | D:2      | Reached XP level 4. HP: 30/30 MP: 4/7
  2835 | D:2      | Found an ancient bone altar of Kikubaaqudgha.
  2835 | D:2      | Noticed a human
  2838 | D:2      | Killed a human
  3039 | D:3      | Reached XP level 5. HP: 35/35 MP: 2/8
  3181 | D:3      | Noticed Robin
  3250 | D:3      | Killed Robin
  3252 | D:3      | Slain by a hobgoblin

Skill      XL: |  1  2  3  4 |
---------------+-------------+-----
Short Blades   | 2 3 |  3.3
Stealth        | 5 |  5.6
Hexes          | 5 |  5.4
Ice Magic      | 1 |  1.9
Dodging        | |  2.1
Spellcasting   | |  2.2

Action                   |  1- 3 |  4- 6 || total
-------------------------+-------+-------++-------
Melee: Dagger            |    91 |    89 ||   180
       Bite              |     3 |     1 ||     4
 Cast: Ensorcelled Hiber |    25 |    21 ||    46
       Confuse           |     1 |     1 ||     2
  Use: Potion            |     2 |     3 ||     5
       Scroll            |       |     1 ||     1
 Stab: Sleeping          |    24 |    14 ||    38
       Distracted        |       |     1 ||     1
Armor: Robe              |    32 |    17 ||    49
Dodge: Dodged            |    97 |    49 ||   146
